 Dungeon Crawl Stone Soup version 0.26-a0-520-g952f204493 (webtiles) character file.

Game seed: 16364674524062045780

920 Alfie the Shooter (level 7, -5/61 HPs)
             Began as a Minotaur Hunter on Aug 12, 2020.
             Engulfed by a steam dragon's steam (11 damage)
             ... on level 6 of the Dungeon.
             The game lasted 00:11:42 (3404 turns).

Alfie the Shooter (Minotaur Hunter)                 Turns: 3404, Time: 00:11:43

Health: -5/61      AC:  3    Str: 19    XL:     7   Next: 83%
Magic:  8/8        EV: 17    Int:  8    God:
Gold:   242        SH:  0    Dex: 10    Spells: 9/9 levels left

rFire    . . .     SeeInvis .   a - +1 shortbow
rCold    . . .     Faith    .   (shield currently unavailable)
rNeg     . . .     Spirit   .   c - +0 leather armour
rPois    .         Reflect  .   (helmet restricted)
rElec    .         Harm     .   (no cloak)
rCorr    .                      (no gloves)
MR       .....                  (no boots)
Stlth    ++........             (no amulet)
HPRegen  0.20/turn              h - +4 ring of evasion
MPRegen  0.11/turn              (no ring)

@: no status effects
A: retaliatory headbutt, horns 2
a: no special abilities


You were on level 6 of the Dungeon.
You visited 1 branch of the dungeon, and saw 5 of its levels.

You collected 242 gold pieces.

Inventory:

Hand Weapons
 a - a +1 shortbow (weapon)
 b - a +1 short sword
Missiles
 d - 38 arrows (quivered)
Armour
 c - a +0 leather armour (worn)
 m - a cursed +0 pair of gloves
 o - a +2 scale mail of cold resistance
Jewellery
 h - a +4 ring of evasion (left hand)
 l - a +4 ring of evasion
Wands
 j - a wand of iceblast (5)
Scrolls
 e - a scroll of remove curse
 f - a scroll of fear {unknown}
 g - a scroll of magic mapping {unknown}
 i - 5 scrolls of teleportation
 k - a scroll of fog {unknown}
Potions
 n - 2 potions of cancellation
 p - a potion of magic
 r - a potion of stabbing {unknown}


   Skills:
 + Level 5.0 Fighting
 + Level 5.3 Short Blades
 + Level 7.6 Bows
 + Level 2.4 Throwing
 + Level 4.3 Armour
 + Level 4.5 Dodging
 + Level 2.9 Stealth
 + Level 2.7 Unarmed Combat
 + Level 1.6 Spellcasting


You had 9 spell levels left.
You didn't know any spells.
Your spell library contained the following spells:

 Spells                   Type           Power        Failure   Level
 Magic Dart               Conj           #...         41%         1
 Blink                    Tloc           N/A          54%         2
 Call Imp                 Summ           #.......     54%         2
 Slow                     Hex            #.......     54%         2
 Conjure Flame            Conj/Fire      #.......     78%         3
 Mephitic Cloud           Conj/Pois/Air  #.......     78%         3


Dungeon Overview and Level Annotations

Branches:
Dungeon (4/15)
 Temple: D:4-7

Altars:
Ashenzari
Kikubaaqudgha
Qazlal
Sif Muna
Trog
Wu Jian
Zin


Innate Abilities, Weirdness & Mutations

You reflexively headbutt those who attack you in melee.
You have a pair of horns on your head.


Message History

Aim: a steam dragon You shoot an arrow.
The arrow closely misses the steam dragon.
Firing (i - inventory)
d - 39 arrows (quivered)
Press: ? - help, Shift-Dir - straight line, f/p - steam dragon
Aim: a steam dragon You shoot an arrow.
The arrow hits the steam dragon but does no damage.
The steam dragon breathes steam at you. The ball of steam hits you!!
* * * LOW HITPOINT WARNING * * *
You hear an angry hiss.
It was a potion of curing.
You feel better.
You are engulfed in a cloud of scalding steam.
* * * LOW HITPOINT WARNING * * *
You are engulfed in a cloud of scalding steam.
* * * LOW HITPOINT WARNING * * *
There is an escape hatch in the floor here.
You are engulfed in a cloud of scalding steam.
You die...

#..# #.. #.. ####
#.# ##≈≈.###.#
#§≈§..#..#
D.§§...###########
#.(.(.(§D§@§§#
##.)..§.§.§.§#
#.....§§....#
##..........#
#...#########
#.### #.# #.# #.#


You could see a steam dragon (catching breath).

Vanquished Creatures
  Sigmund (D:3)
  A wyvern (D:3)
  Menkaure (D:3)
  An ogre (D:4)
  2 scorpions
  2 hounds
  An orc wizard (D:4)
  2 iguanas (D:4)
  Ijyb (D:3)
  A worker ant (D:3)
  7 adders
  A white imp (D:3)
  An ooze (D:2)
  2 worms
  A dart slug (D:2)
  A leopard gecko (D:2)
  5 orcs
  5 giant cockroaches
  6 goblins
  3 hobgoblins
  3 jackals (D:3)
  2 quokkas
  4 bats
  5 frilled lizards
  3 kobolds
  9 rats
71 creatures vanquished.

Notes
Turn   | Place    | Note
-------+----------+-------------------------------------------
     0 | D:1      | Alfie the Minotaur Hunter began the quest for the Orb.
     0 | D:1      | Reached XP level 1. HP: 18/18 MP: 0/0
   239 | D:1      | Reached XP level 2. HP: 24/25 MP: 1/1
   342 | D:1      | Reached skill level 5 in Bows
   453 | D:1      | You fall into a shaft and drop 1 floor!
   608 | D:2      | Reached skill level 1 in Armour
   615 | D:2      | Reached skill level 6 in Bows
   615 | D:2      | Reached skill level 1 in Spellcasting
   615 | D:2      | Reached XP level 3. HP: 17/33 MP: 1/4
   884 | D:2      | Reached XP level 4. HP: 40/40 MP: 5/5
  1405 | D:3      | Found an ornate altar of the Wu Jian Council.
  1414 | D:3      | Noticed a wyvern
  1416 | D:3      | Found a transporter.
  1438 | D:3      | Found a transporter.
  1476 | D:3      | Noticed Sigmund
  1507 | D:3      | Killed Sigmund
  1507 | D:3      | Reached XP level 5. HP: 23/47 MP: 6/6
  1708 | D:3      | Found a glowing silver altar of Zin.
  1717 | D:3      | Noticed Ijyb
  1750 | D:3      | Killed Ijyb
  1750 | D:3      | Reached XP level 6. HP: 42/53 MP: 7/7
  1846 | D:3      | Found a stormy altar of Qazlal.
  1854 | D:3      | Found a bloodstained altar of Trog.
  2465 | D:3      | Killed a wyvern
  2664 | D:4      | Noticed Menkaure
  2679 | D:3      | Killed Menkaure
  2679 | D:3      | Reached skill level 5 in Short Blades
  2679 | D:3      | Reached skill level 7 in Bows
  2679 | D:3      | Reached XP level 7. HP: 20/60 MP: 8/8
  2893 | D:4      | Found an ancient bone altar of Kikubaaqudgha.
  2947 | D:4      | Found a shattered altar of Ashenzari.
  3131 | D:4      | Found a shimmering blue altar of Sif Muna.
  3342 | D:4      | Reached skill level 5 in Fighting
  3354 | D:4      | You fall into a shaft and drop 2 floors!
  3389 | D:6      | Noticed a steam dragon
  3404 | D:6      | Engulfed by a steam dragon's steam

Illustrated notes

Levels and vault maps discovered:
D:1:      dpeg_arrival_stonehenge_8_columns, layout_basic
D:2:      layout_basic
D:3:      layout_loops_corners, nicolae_qazlal_eye_of_the_storm,
          nicolae_overflow_crystal_walls, overflow_temple_1_default,
          gammafunk_temple_overflow_arena, uniq_sigmund, uniq_ijyb
D:4:      layout_cave_pods, tgw_sif, kiku_gazebo_pond_becter,
          evilmike_ruin_ashenzari, uniq_menkaure
D:6:      cheibrodos_steamvent, layout_basic, lightli_temple_of_fire,
          marbit_many_paths, uniq_maggie

Skill      XL: |  1  2  3  4  5  6  7 |
---------------+----------------------+-----
Bows           | 6 7 |  7.6
Armour         | 3 4 |  4.3
Fighting       | 4 5 |  5.0
Short Blades   | 4 5 |  5.3
Throwing       | 2 |  2.4
Dodging        | 3 4 |  4.5
Stealth        | 2 |  2.9
Unarmed Combat | 2 |  2.7
Spellcasting   | 1 |  1.6

Action                   |  1- 3 |  4- 6 |  7- 9 || total
-------------------------+-------+-------+-------++-------
Melee: Short sword       |    44 |    68 |    12 ||   124
       Headbutt          |     2 |     5 |     4 ||    11
 Fire: Shortbow          |     8 |    63 |    48 ||   119
  Use: Scroll            |     5 |     2 |       ||     7
       Potion            |     3 |     3 |     2 ||     8
 Stab: Sleeping          |       |     1 |       ||     1
Armor: Leather armour    |    14 |    11 |     3 ||    28
Dodge: Dodged            |    52 |    60 |    23 ||   135

Table legend: (Time is in decaauts)
 A = Elapsed time spent in this place.
 B = Non-inter-level travel time spent in this place.
 C = Inter-level travel time spent in this place.
 D = Time resting spent in this place.
 E = Time spent auto-exploring this place.
 F = Levels seen in this place.
 G = Mean time per level.
                   A        B        C        D        E       F      G
               +--------+--------+--------+--------+--------+-----+--------+
         Total |   3388 |   3326 |     62 |      0 |   2407 |   5 |  677.6 |
       Dungeon |   3388 |   3326 |     62 |      0 |   2407 |   5 |  677.6 |
               +--------+--------+--------+--------+--------+-----+--------+

Top non-repeatable levels by time:
     D:3: 1354 daAuts
     D:2: 897 daAuts
     D:4: 633 daAuts
     D:1: 454 daAuts
     D:6: 48 daAuts
